 Dungeon Crawl Stone Soup version 0.31-a0-858-g469dc525a8 (webtiles) character file.

Game seed: 1834220837161719455

4256 IcyTea the Severer (level 10, -2/86 HPs)
             Began as a Hill Orc Fighter on Oct 9, 2023.
             Was a Follower of Makhleb.
             Slain by a yak (11 damage)
             ... on level 9 of the Dungeon.
             The game lasted 00:22:23 (7352 turns).

IcyTea the Severer (Hill Orc Fighter)               Turns: 7352, Time: 00:22:23

Health: -2/86      AC: 11    Str: 25    XL:     10   Next: 31%
Magic:  14/14      EV: 11    Int: 16    God:    Makhleb [*.....]
Gold:   430        SH:  0    Dex: 12    Spells: 9/9 levels left

rFire   . . .        I - +2 battleaxe
rCold   . . .        (shield currently unavailable)
rNeg    . . .        e - +5 leather armour "Ceza" {Rampage Will- Str+3 Int+2}
rPois   .            (no helmet)
rElec   .            l - +0 cloak
rCorr   .            D - +0 pair of gloves
SInv    .            (no boots)
Will    .....        (no amulet)
Stlth   +            j - +6 ring of intelligence
HPRegen 0.34/turn    (no ring)
MPRegen 0.14/turn

%: rampage
@: no status effects
A: no striking features
a: Renounce Religion


You were on level 9 of the Dungeon.
You worshipped Makhleb.
Makhleb was aware of your devotion.
You visited 2 branches of the dungeon, and saw 10 of its levels.

You collected 566 gold pieces.
You spent 136 gold pieces at shops.

Inventory:

Hand Weapons
 a - a +0 war axe
 b - the +8 sling of the Puffin {antimagic, rF- Str+5}
   (You found it on level 5 of the Dungeon)

   Str+5:     It affects your strength (+5).
   rF-:       It makes you vulnerable to fire.
 u - the +1 spear of Kismet {holy, Fly Dex+2}
   (You took it off a kobold on level 4 of the Dungeon)

   Dex+2:     It affects your dexterity (+2).
   Fly:       It grants you flight.
 y - the +4 mace "Sotzymne" {pain, rPois Will+}
   (You found it on level 5 of the Dungeon)

   rPois:     It protects you from poison Will+: It increases your willpower.
 G - a +2 halberd
 I - a +2 battleaxe (weapon)
Missiles
 d - 15 poisoned darts
 f - 5 javelins (quivered)
 p - 2 boomerangs
Armour
 c - a +0 buckler
 e - the +5 leather armour "Ceza" (worn) {Rampage Will- Str+3 Int+2}
   (You found it on level 3 of the Dungeon)

   Str+3:     It affects your strength (+3).
   Int+2:     It affects your intelligence (+2).
   Will-:     It decreases your willpower.
   Rampage:   It bestows one free step when moving towards enemies.
 g - a +0 plate armour
 l - a +0 cloak (worn)
 D - a +0 pair of gloves (worn)
Jewellery
 j - a +6 ring of intelligence (left hand)
Wands
 n - a wand of paralysis (22)
Scrolls
 h - 3 scrolls of teleportation
 i - 2 scrolls of poison
 k - a scroll of fog
 r - a scroll of vulnerability
 s - 3 scrolls of immolation {unknown}
 w - a scroll of silence {unknown}
 C - a scroll of blinking
 F - a scroll of acquirement {unknown}
 L - a scroll of noise {unknown}
 M - a scroll of fear
Potions
 m - a potion of invisibility
 q - a potion of lignification
 t - 2 potions of heal wounds {unknown}
 v - 3 potions of resistance
 x - a potion of degeneration {unknown}
 z - 3 potions of brilliance {unknown}
 A - 3 potions of haste
 B - a potion of magic
 E - 2 potions of attraction {unknown}
 H - a potion of enlightenment {unknown}
 J - a potion of might
 K - a potion of curing {unknown}


   Skills:
 - Level 7.0 Fighting
 - Level 16.0 Axes
 + Level 5.1 Armour
 - Level 3.2 Shields
 - Level 6.1 Invocations


You had 9 spell levels left.
You didn't know any spells.
Your spell library contained the following spells:

 Spells                   Type           Power      Damage    Failure   Level
 Foxfire                  Conj/Fire      0%         2x1d4     28%         1
 Kiss of Death            Conj/Necr      0%         2d5       28%         1
 Necrotise                Necr           0%         1d4       28%         1
 Sandblast                Erth           0%         2d4       28%         1
 Vampiric Draining        Necr           0%         2d6       63%         3
 Cause Fear               Hex            0%         N/A       95%         4
 Agony                    Necr           0%         N/A       100%        5
 Fireball                 Conj/Fire      0%         3d3       100%        5
 Irradiate                Conj/Tmut      0%         3d11      100%        5
 Lehudib's Crystal Spear  Conj/Erth      0%         10d2      100%        8
 Dragon's Call            Summ           0%         N/A       100%        9


Dungeon Overview and Level Annotations

Branches:
Dungeon (9/15)             Temple (1/1) D:7            Lair (0/5) D:8
    Orc: D:9-12

Altars:
Ashenzari
Cheibriados
Dithmenos
Elyvilon
Fedhas
Gozag
Hepliaklqana
Kikubaaqudgha
Makhleb
Nemelex Xobeh
Okawaru
Qazlal
Ru
Sif Muna
Trog
Uskayaw
Vehumet
Wu Jian
Xom
Yredelemnul
Zin
The Shining One

Shops:
D:6 :   D:8 *


Message History

The yak is almost dead.
The yak closely misses you.
You closely miss the yak.
The yak is almost dead.
The yak closely misses you.
You barely miss the yak.
The yak is almost dead.
You slice the yak!!
You kill the yak!
Makhleb accepts your kill.
You hit the yak.
The yak is lightly wounded.
The yak gores you!
* * * LOW HITPOINT WARNING * * *
Okay, then.
You closely miss the yak.
The yak is lightly wounded.
The yak gores you.
* * * LOW HITPOINT WARNING * * *
You slice the yak!!
The yak is almost dead.
The yak gores you!
* * * LOW HITPOINT WARNING * * *
You slash the yak!
You kill the yak!
Makhleb accepts your kill.
Your Armour skill increases to level 5!
You hit the yak.
The yak is lightly wounded.
The yak gores you but does no damage.
You hit the yak.
The yak is lightly wounded.
The yak barely misses you.
You slice the yak!!
The yak is almost dead.
The yak barely misses you.
You closely miss the yak.
The yak is almost dead.
The yak gores you!
You die...

#..................
#..................
#..................
#..######..........
#..# #..........
#..# #..........
#..# #..........
#..+ #..........
##@# ...######. #Y#
.. #. #.# #. #..
... .... ....
......


You could see a yak.

Vanquished Creatures
  A komodo dragon (D:8)
  Prince Ribbit (D:5)
  Sigmund (D:2)
  A fire bat (D:5)
  5 yaks (D:9)
  A steam dragon (D:8)
  An acid dragon (D:7)
  4 water moccasins
  An orc warrior (D:9)
  3 black bears
  2 ogres
  A centaur (D:8)
  A phantom (D:5)
  2 kobold brigands
  2 bullfrogs (D:8)
  2 scorpions
  5 wights (D:8)
  3 howler monkeys (D:7)
  3 hounds
  2 jellies
  3 orc priests
  A sleepcap (D:5)
  A gnoll bouda (D:7)
  Terence (D:3)
  2 iguanas
  4 orc wizards
  Ijyb (D:3)
  Robin (D:3)
  8 gnolls
  9 adders
  A worm (D:5)
  2 dart slugs
  22 orcs
  2 bat zombies (D:7)
  4 endoplasms
  8 hobgoblins
  11 jackals
  A quokka (D:5)
  3 ball pythons
  3 bats
  2 frilled lizards (D:1)
  18 goblins
  10 kobolds
  5 rats
  2 rat zombies (D:7)
167 creatures vanquished.

Notes
Turn   | Place    | Note
-------+----------+-------------------------------------------
     0 | D:1      | IcyTea the Hill Orc Fighter began the quest for the Orb.
     0 | D:1      | Reached XP level 1. HP: 19/19 MP: 1/1
   156 | D:1      | Reached skill level 3 in Axes
   282 | D:1      | Reached XP level 2. HP: 19/26 MP: 2/2
   586 | D:1      | Reached skill level 4 in Axes
   936 | D:2      | Reached XP level 3. HP: 31/31 MP: 3/3
  1080 | D:2      | Noticed Sigmund
  1116 | D:2      | Killed Sigmund
  1117 | D:2      | Reached skill level 7 in Axes
  1117 | D:2      | Reached XP level 4. HP: 10/39 MP: 4/4
  1117 | D:2      | Reached XP level 5. HP: 11/45 MP: 5/5
  1252 | D:2      | Got an engraved book
  1380 | D:3      | Found a faded altar of an unknown god.
  1381 | D:3      | Noticed Robin
  1392 | D:3      | Killed Robin
  1492 | D:3      | Got a curious book
  1548 | D:3      | Reached skill level 8 in Axes
  1548 | D:3      | Reached XP level 6. HP: 50/51 MP: 6/6
  1754 | D:3      | Noticed Terence
  1762 | D:3      | Killed Terence
  1809 | D:3      | Identified the +5 leather armour "Ceza" {Rampage Will-
                  | Str+3 Int+2}
  1841 | D:3      | Reached skill level 9 in Axes
  1883 | D:3      | Found a radiant altar of Vehumet.
  1883 | D:3      | Found a hazy altar of Hepliaklqana.
  1883 | D:3      | Noticed Ijyb
  1891 | D:3      | Killed Ijyb
  2033 | D:3      | Found a hide-covered altar of Uskayaw.
  2326 | D:4      | Reached XP level 7. HP: 41/57 MP: 7/7
  2329 | D:4      | Reached skill level 10 in Axes
  2722 | D:4      | Reached skill level 11 in Axes
  2854 | D:4      | Identified the +1 spear of Kismet {holy, Fly Dex+2}
  3088 | D:5      | Entered Level 5 of the Dungeon
  3095 | D:5      | Noticed Prince Ribbit
  3105 | D:5      | Killed Prince Ribbit
  3106 | D:5      | Reached XP level 8. HP: 48/64 MP: 8/8
  3177 | D:5      | Reached skill level 12 in Axes
  3205 | D:5      | Found a transporter.
  3608 | D:5      | Reached skill level 13 in Axes
  3676 | D:5      | Found a transporter.
  3724 | D:5      | Identified the +4 mace "Sotzymne" {pain, rPois Will+}
  3837 | D:5      | Identified the +8 sling of the Puffin {antimagic, rF-
                  | Str+5}
  4350 | D:6      | Found Bekhlasoil's Book Shop.
  4413 | D:6      | Reached skill level 14 in Axes
  4434 | D:6      | Reached XP level 9. HP: 50/70 MP: 9/9
  5198 | D:7      | Found an ancient bone altar of Kikubaaqudgha.
  5218 | D:7      | Found a staircase to the Ecumenical Temple.
  5224 | Temple   | Entered the Ecumenical Temple
  5258 | Temple   | Became a worshipper of Makhleb the Destroyer
  5338 | D:7      | Found a basalt altar of Yredelemnul.
  5372 | D:7      | Reached skill level 15 in Axes
  5953 | D:8      | Reached skill level 16 in Axes
  6056 | D:8      | Found Yturchale's Assorted Antiques.
  6064 | D:8      | Bought a red potion for 26 gold pieces
  6064 | D:8      | Bought a sapphire potion for 26 gold pieces
  6064 | D:8      | Bought a fizzy dark potion for 26 gold pieces
  6064 | D:8      | Bought a scroll labelled KIAXTU TODEI for 29 gold pieces
  6064 | D:8      | Bought a scroll labelled MIUCSO GORETORU for 29 gold pieces
  6155 | D:8      | Reached skill level 5 in Fighting
  6736 | D:8      | Found a staircase to the Lair.
  6736 | D:8      | Noticed a komodo dragon
  6745 | D:8      | Killed a komodo dragon
  6746 | D:8      | Reached XP level 10. HP: 45/86 MP: 9/12
  7074 | D:8      | Found a snail-covered altar of Cheibriados.
  7147 | D:9      | Reached skill level 5 in Invocations
  7335 | D:9      | Reached * piety under Makhleb
  7349 | D:9      | Reached skill level 5 in Armour
  7352 | D:9      | Slain by a yak

Illustrated notes

Levels and vault maps discovered:
D:1:      wheals_arrival_shading, layout_loops_corners, minmay_misc_feat_rugged
D:2:      layout_rooms, serial_bayou_pond_b, uniq_sigmund
D:3:      layout_basic, mainiacjoe_overflow_divided_tiny,
          nicolae_overflow_hidden_temple, shapermc_ecumenical_altar_rom_forum,
          minmay_misc_feat_roman, uniq_terence, uniq_robin, uniq_ijyb
D:4:      layout_basic, minmay_misc_feat_plants, kennysheep_generic_room_9
D:5:      gammafunk_cloud_chamber, layout_basic, uniq_prince_ribbit1
D:6:      layout_basic, serial_shops, nicolae_shop_crystal, nrook_campfire,
          columned_hall_lemuel
D:7:      layout_cave_pools, lemuel_zombie_altar_kikubaaqudgha,
          mainiacjoe_overflow_brackets, minmay_temple_entry_statues
D:8:      layout_rooms, kennysheep_mini, david_lair_shrubbed, serial_curves,
          eino_curves_01, eino_curves_01, eino_curves_02, eino_curves_04,
          serial_shops, nicolae_shop_back_alley_shop
D:9:      layout_irregular_city, minmay_misc_feat_four_crosses, dk_vineyard_2,
          hangedman_glass_teeth, uniq_maurice
Temple:   kb_temple_of_zot

Skill      XL: |  1  2  3  4  5  6  7  8  9 10 |
---------------+-------------------------------+-----
Axes           | 3 4 7 8 9 11 14 16 | 16.0
Fighting       | 7 |  7.0
Invocations    | 3 6 |  6.1
Armour         | 5 |  5.1
Shields        | |  3.2

Action                     |  1- 3 |  4- 6 |  7- 9 | 10-12 || total
---------------------------+-------+-------+-------+-------++-------
  Melee: War axe           |    70 |   105 |   248 |       ||   423
         Battleaxe         |       |       |    51 |    58 ||   109
    Use: Potion            |     4 |       |       |       ||     4
         Scroll            |       |     4 |     6 |     2 ||    12
   Stab: Sleeping          |       |       |     1 |       ||     1
 Armour: Scale mail        |     6 |       |       |       ||     6
         Plate armour      |    54 |    73 |       |       ||   127
         Leather armour    |       |    13 |   200 |    32 ||   245
  Dodge: Dodged            |    30 |    32 |   129 |    29 ||   220
  Block: Buckler           |    17 |    31 |    40 |       ||    88

Table legend: (Time is in decaauts)
 A = Elapsed time spent in this place.
 B = Non-inter-level travel time spent in this place.
 C = Inter-level travel time spent in this place.
 D = Time resting spent in this place.
 E = Time spent auto-exploring this place.
 F = Levels seen in this place.
 G = Mean time per level.
                   A        B        C        D        E       F      G
               +--------+--------+--------+--------+--------+-----+--------+
         Total |   7347 |   7080 |    267 |   1480 |   3564 |  10 |  734.7 |
       Dungeon |   7283 |   7041 |    242 |   1480 |   3564 |   9 |  809.2 |
        Temple |     63 |     38 |     25 |      0 |      0 |   1 |   63.0 |
               +--------+--------+--------+--------+--------+-----+--------+

Top non-repeatable levels by time:
     D:8: 1199 daAuts
     D:5: 1155 daAuts
     D:3: 942 daAuts
     D:6: 865 daAuts
     D:1: 863 daAuts
     D:4: 783 daAuts
     D:7: 722 daAuts
     D:2: 541 daAuts
     D:9: 209 daAuts
  Temple: 63 daAuts
